 Dungeon Crawl Stone Soup version 0.31.0-32-g396128a36d (webtiles) character file.

Game seed: 11777931848999035651

506 TacoSundae the Cleaver (level 7, -1/81 HPs)
             Began as a Barachi Berserker on Apr 20, 2024.
             Was a Priest of Trog.
             Slain by a howler monkey (3 damage)
             ... on level 4 of the Dungeon.
             The game lasted 00:06:01 (2420 turns).

TacoSundae the Cleaver (Barachi Berserker)          Turns: 2420, Time: 00:06:02

Health: -1/81      AC:  7    Str: 21    XL:     7   Next: 18%
Magic:  7/7        EV: 10    Int:  7    God:    Trog [***...]
Gold:   62         SH:  0    Dex: 11    Spells: 6/6 levels left

rFire   . . .        a - +0 hand axe
rCold   . . .        (no shield)
rNeg    . . .        d - +0 scale mail
rPois   .            m - +0 helmet
rElec   .            (no cloak)
rCorr   .            (no gloves)
SInv    .            (no boots)
Will    .....        (no amulet) Stlth
                     (no ring)
HPRegen 0.33/turn    (no ring)
MPRegen 0.10/turn

%: no passive effects
@: berserking, lethally poisoned (-1 -> -5), very quick
A: amphibious, slowness 1, strong legs 1, +LOS
a: Hop, Renounce Religion, Berserk, Trog's Hand


You were on level 4 of the Dungeon.
You worshipped Trog.
Trog was most pleased with you.
You visited 1 branch of the dungeon, and saw 4 of its levels.

You collected 114 gold pieces.
You spent 52 gold pieces at shops.

Inventory:

Hand Weapons
 a - a +0 hand axe (weapon)
 b - a +3 mace
Armour
 d - a +0 scale mail (worn)
 m - a +0 helmet (worn)
Jewellery
 t - the ring "Distri" {Fire rElec}
   (You found it on level 4 of the Dungeon)

   [ring of fire]

   Fire:      It enhances your fire magic.
   rF+:       It protects you from fire.
   rC-:       It makes you vulnerable to cold.
   rElec:     It insulates you from electricity.
Scrolls
 c - a scroll of acquirement {unknown}
 g - 2 scrolls of fog {unknown}
 h - a scroll of poison {unknown}
 j - a scroll of silence {unknown}
 k - a scroll of fear {unknown}
 n - a scroll of immolation {unknown}
 o - a scroll of noise {unknown}
 q - a scroll of amnesia {unknown}
 r - 2 scrolls of identify
 s - a scroll of revelation {unknown}
Potions
 e - a potion of attraction {unknown}
 f - a potion of brilliance {unknown}
 i - a potion of lignification {unknown}
 l - a potion of heal wounds {unknown}
 p - a potion of curing {unknown}


   Skills:
 + Level 4.1 Fighting
 * Level 8.1 Axes
 + Level 3.1 Armour
 + Level 2.8 Dodging


You had 6 spell levels left.
You didn't know any spells.
Your spell library was empty.

Dungeon Overview and Level Annotations

Branches:
Dungeon (4/15)
 Temple: D:4-7

Altars:
Fedhas
Zin

Shops:
D:3 ?=*


Innate Abilities, Weirdness & Mutations

You are amphibious.
You cover ground slowly.
You can hop short distances.
You have an extended range of vision and can be seen from far away.


Message History

You feel yourself moving faster!
You feel mighty!
The iguana bites you but does no damage.
You barely miss the iguana.
The iguana is severely wounded.
You hit the scorpion. The scorpion stings you.
* * * LOW HITPOINT WARNING * * *
You are poisoned.
The scorpion poisons you! The iguana barely misses you.
Unknown command.
You barely miss the iguana.
The iguana is severely wounded.
You hit the scorpion. You hit the howler monkey.
You feel sick. The scorpion stings you.
* * * LOW HITPOINT WARNING * * *
The howler monkey hits you.
* * * LOW HITPOINT WARNING * * *
You hit the iguana.
You kill the iguana!
Trog accepts your kill.
You slash the giant cockroach!
You kill the giant cockroach!
Trog accepts your kill.
You closely miss the scorpion. You hit the howler monkey.
* * * LOW HITPOINT WARNING * * *
You feel sick.
You barely miss the howler monkey.
The howler monkey is heavily wounded.
You closely miss the scorpion.
* * * LOW HITPOINT WARNING * * *
You feel sick. The scorpion misses you.
The howler monkey hoots and howls with incredible vigour!
You hear a shout! x2
You slash the scorpion!
The scorpion is heavily wounded.
You hit the howler monkey.
* * * LOW HITPOINT WARNING * * *
You feel sick.
The scorpion stings you but does no damage.
The howler monkey hits you.
You die...

..................#.##.#
#.........##.......##.#
#####.........#.........#.#
...................###.#.#
#........#.......# #.#.#
#........#..#....# #.#.#
#...........#....# #...###
##>......hs.......###.)...#
............@................
.###...<.....###.............
#.........................
#...........#..#..........
#...........#..##.........
.....##.#....#..##.........
####.. ..#....#..####.......
#.###.##...##.# #........ #.
#. #...# #.......[


You could see a scorpion and a howler monkey (catching breath).

Vanquished Creatures
  Edmund (D:4)
  The ghost of panicmichael the Apothecary, an amateur SpAl (D:3)
  A howler monkey (D:4)
  2 orc priests
  A sleepcap (D:4)
  An iguana (D:4)
  2 orc wizards (D:4)
  Robin (D:3)
  3 adders
  4 dart slugs
  8 orcs
  7 endoplasms
  3 giant cockroaches
  8 hobgoblins
  3 jackals (D:3)
  5 kobolds
  5 quokkas
  2 ball pythons
  7 bats
  4 frilled lizards
  9 goblins
  4 rats
82 creatures vanquished.

Notes
Turn   | Place    | Note
-------+----------+-------------------------------------------
     0 | D:1      | TacoSundae the Barachi Berserker began the quest for the
                  | Orb.
     0 | D:1      | Reached XP level 1. HP: 18/18 MP: 1/1
   284 | D:1      | Reached XP level 2. HP: 24/24 MP: 2/2
   369 | D:1      | Reached skill level 4 in Axes
   854 | D:2      | Reached XP level 3. HP: 11/29 MP: 3/3
   980 | D:2      | Reached ** piety under Trog
  1019 | D:2      | Reached skill level 5 in Axes
  1275 | D:3      | Noticed Robin
  1288 | D:3      | Killed Robin
  1289 | D:3      | Reached XP level 4. HP: 36/36 MP: 4/4
  1371 | D:3      | Found a faded altar of an unknown god.
  1508 | D:3      | Found a blossoming altar of Fedhas.
  1564 | D:3      | Found Biloykun's Jewellery Emporium.
  1608 | D:3      | Found Ijuni's Assorted Antiques.
  1692 | D:3      | Reached skill level 6 in Axes
  1692 | D:3      | Reached XP level 5. HP: 41/41 MP: 5/5
  1729 | D:3      | Noticed panicmichael's ghost (amateur SpAl)
  1734 | D:3      | Found a runed translucent door.
  1753 | D:3      | Killed panicmichael's ghost
  1875 | D:3      | Found a glowing silver altar of Zin.
  1877 | D:3      | Reached *** piety under Trog
  1918 | D:3      | Reached skill level 7 in Axes
  1999 | D:3      | Found Qyteteargh's Magic Scroll Emporium.
  2002 | D:3      | Bought a scroll of identify for 26 gold pieces
  2002 | D:3      | Bought a scroll of identify for 26 gold pieces
  2167 | D:4      | Reached XP level 6. HP: 47/47 MP: 6/6
  2230 | D:4      | Noticed Edmund
  2243 | D:4      | Killed Edmund
  2324 | D:4      | Reached XP level 7. HP: 40/54 MP: 7/7
  2396 | D:4      | Identified the ring "Distri" {Fire rElec}
  2403 | D:4      | Reached skill level 8 in Axes
  2418 | D:4      | HP: 4/81 [poisoned by a scorpion]
  2420 | D:4      | Slain by a howler monkey

Illustrated notes

Levels and vault maps discovered:
D:1:      lightli_arrival_statue_moat, layout_basic, minmay_cupped
D:2:      layout_rooms
D:3:      layout_basic, fedhas_altar_1, mainiacjoe_overflow_alcove_1,
          serial_shops, nicolae_shop_rolled_up, nicolae_shop_gaudy_bauble,
          nicolae_shop_trees, shapermc_ecumenical_altar_mp_urbaneastern,
          hellmonk_ghost_happy_afterlife, uniq_robin
D:4:      layout_rooms, nicolae_vehumet_radiance, guppyfry_early_orc_mine,
          uniq_edmund

Skill      XL: |  1  2  3  4  5  6  7 |
---------------+----------------------+-----
Axes           | 4 5 6 7 8 |  8.1
Fighting       | 4 |  4.1
Armour         | 3 |  3.1
Dodging        | |  2.8

Action                     |  1- 3 |  4- 6 |  7- 9 || total
---------------------------+-------+-------+-------++-------
  Melee: Hand axe          |    36 |   145 |    17 ||   198
         Mace              |    64 |       |       ||    64
         Punch             |       |     4 |       ||     4
 Invoke: Berserk           |     2 |     4 |     1 ||     7
 Armour: Animal skin       |    20 |       |       ||    20
         Ring mail         |     3 |       |       ||     3
         Scale mail        |    46 |    78 |    16 ||   140
  Dodge: Dodged            |    63 |    58 |     4 ||   125
